Selects Heavy Armor Battlegroup
Construct Section Command Post
Selects Light Vehicle Withdraw and Refit
Light Vehicle Withdraw and Refit
Construct Platoon Command Post
Selects Rigorous Vehicle Training
Light Vehicle Withdraw and Refit
Light Vehicle Withdraw and Refit
Light Vehicle Withdraw and Refit
6-pounder Anti-tank Gun Team
6-pounder Anti-tank Gun Team
Light Vehicle Withdraw and Refit
Selects Crusader AA Medium Tank
Selects UNKNOWN (2162094)
Construct Company Command Post
Light Vehicle Withdraw and Refit